 Dungeon Crawl Stone Soup version 0.27.1-34-g3ba077fa99 (webtiles) character file.

Game seed: 10893325136865780252

4 zeram the Sneak (level 1, 0/11 HPs)
             Began as an Octopode Enchanter on Jan 2, 2022.
             Slain by a quokka (4 damage)
             ... on level 1 of the Dungeon.
             The game lasted 00:00:44 (345 turns).

zeram the Sneak (Octopode Enchanter)                 Turns: 345, Time: 00:00:44

Health: 0/11       AC:  1    Str:  7    XL:     1   Next: 70%
Magic:  3/3        EV: 13    Int: 17    God:
Gold:   0          SH:  0    Dex: 12    Spells: 3/4 levels left

rFire    . . .     SeeInvis .   a - +1 dagger
rCold    . . .     Faith    .   (no shield)
rNeg     . . .     Spirit   .   (helmet restricted)
rPois    .         Reflect  .   (no amulet)
rElec    .         Harm     .   (no ring)
rCorr    .         Rampage  .   (no ring)
Will     .....                  (no ring)
Stlth    +++.......             (no ring)
HPRegen  0.03/turn              (no ring)
MPRegen  0.08/turn              (no ring)
                                (no ring)
                                (no ring)

@: no status effects
A: almost no armour, amphibious, 8 rings, camouflage 1, gelatinous body 1,
(nimble swimmer 1), tentacles
a: no special abilities


You were on level 1 of the Dungeon.
You visited 1 branch of the dungeon, and saw 1 of its levels.

Inventory:

Hand Weapons
 a - a +1 dagger (weapon)


   Skills:
 - Level 1.0 Short Blades
 + Level 2.0 Dodging
 + Level 4.2 Stealth
 + Level 2.0 Spellcasting
 + Level 3.1 Hexes


You had 3 spell levels left.
You knew the following spells:

 Your Spells              Type           Power      Damage    Failure   Level
a - Corona                Hex            13%        N/A       5%          1

Your spell library contained the following spells:

 Spells                   Type           Power      Damage    Failure   Level
 Ensorcelled Hibernation  Hex/Ice        14%        N/A       16%         2
 Confusing Touch          Hex            12%        N/A       16%         3
 Tukima's Dance           Hex            12%        N/A       16%         3
 Dazzling Flash           Conj/Hex       14%        N/A       30%         3


Dungeon Overview and Level Annotations

Branches:
Dungeon (1/15)

Altars:


Innate Abilities, Weirdness & Mutations

You cannot wear most types of armour.
You are amphibious.
You can wear up to eight rings at the same time.
Your skin changes colour to match your surroundings (Stealth+).
Your rubbery body absorbs attacks. (AC +1, EV +1)
((You are camouflaged near water. (Stealth+)))
You have tentacles for arms and can constrict up to eight enemies at once.


Message History

HP restored.
Found a book of Blood.
Found a dagger.
A hobgoblin comes into view.
A hobgoblin is nearby!
A hobgoblin is nearby!
A quokka and a kobold come into view.
Found 9 poisoned darts.
Found a stone staircase leading down.
The kobold shouts!
You hear a shout!
Found a robe.
The hobgoblin shouts!
You hear a shout!
The kobold throws a stone.
The stone hits you.
You closely miss the quokka. You grab the quokka. You constrict the quokka.
The quokka misses you.
A goblin comes into view. It is wielding a +0 dagger.
The kobold throws a stone.
The stone misses you.
You release your grip on the quokka.
The quokka twitches its whiskers.
The quokka bites you.
A giant cockroach comes into view.
The quokka barely misses you.
Unknown command.
Casting: Corona (safe; 5% risk of failure)
Confirm with . or Enter, or press ? or * to list all spells.
Okay, then.
You barely miss the quokka. Your grab misses the quokka.
The quokka is moderately wounded.
The quokka bites you.
You closely miss the quokka. Your grab misses the quokka.
The quokka is moderately wounded.
The quokka twitches its whiskers.
The quokka misses you.
You closely miss the quokka. Your grab misses the quokka.
Your squeeze misses the quokka.
The quokka is moderately wounded.
The quokka barely misses you.
You hit the quokka. Your grab misses the quokka.
The quokka is heavily wounded.
The quokka bites you.
You die...

.##.# ....# ##..#### .......
#......# #.....###.#
##.######### ####.....##..
#........>.# ## .........#.#
#....[.....# ...###.......#@#
#..........#
#..)........#r####.........(#
#..........##gK...######.####
##......K....#.###.# #.###
.....:..####...+<'.# #...#
#####..#####...###.######...#
#.( #..............#...#
..>.....###..............#
....####.#####............#


You could see a quokka, a hobgoblin and a kobold.

Vanquished Creatures
  A ball python (D:1)
  A giant cockroach (D:1)
  A hobgoblin (D:1)
  A rat (D:1)
4 creatures vanquished.

Notes
Turn   | Place    | Note
-------+----------+-------------------------------------------
     0 | D:1      | zeram the Octopode Enchanter began the quest for the Orb.
     0 | D:1      | Reached XP level 1. HP: 11/11 MP: 3/3
   345 | D:1      | Slain by a quokka

Illustrated notes

Levels and vault maps discovered:
D:1:      dpeg_arrival_tiny_d, layout_rooms, minmay_misc_feat_nine_boxes,
          st_stairs_9, grunt_decor_one_mirror

Action                   || total
-------------------------++-------
Melee: Dagger            ||    17
       Constrict         ||     4
       Tentacles         ||     1
 Stab: Sleeping          ||     1
Armor: Skin              ||     1
Dodge: Dodged            ||    11
